 Dungeon Crawl Stone Soup version 0.18-a0-116-g2d311b1 (webtiles) character file.

3278 Proton the Cleaver (level 9, -2/81 HPs)
             Began as a Deep Dwarf Fighter on Nov 16, 2015.
             Was a Priest of Ru.
             Killed by nerve-wracking pain
             ... invoked by an orc priest
              (10 damage)
             ... on level 8 of the Dungeon.
             The game lasted 00:17:50 (5288 turns).

Proton the Cleaver (Deep Dwarf Fighter)             Turns: 5288, Time: 00:17:50

Health: -2/81      AC: 12    Str: 20    XL:     9   Next: 69%
Magic:  9/9        EV:  8    Int: 10    God:    Ru [***...]
Gold:   326        SH:  0    Dex: 12    Spells: 0 memorised, 8 levels left

rFire  . . .     SeeInvis .     r - +1 hand axe (elec)
rCold  + . .     Clarity  .     G - +0 chain mail
rNeg   . . .     SustAt   .     (no shield)
rPois  .         Gourm    .     v - +2 hat
rElec  .         Spirit   .     (no cloak)
rCorr  .         Warding  .     (no gloves)
rMut   .         Stasis   .     (no boots)
MR     +....                    (no amulet)
Stlth  ..........               x - +3 ring of protection
                                C - ring of protection from cold

@: exhausted, non-regenerating, somewhat resistant to hostile enchantments,
extremely unstealthy
A: damage resistance, recharge devices, deformed body, sense surroundings 3,
screaming 1, slow regeneration 3, weak 1, inability to use devices
a: Device Recharging, Draw Out Power, Renounce Religion


You were on level 8 of the Dungeon.
You worshipped Ru.
Ru was most pleased with you.
You were not hungry.

You visited 2 branches of the dungeon, and saw 9 of its levels.

You collected 326 gold pieces.

Inventory:

Hand Weapons
 r - a +1 hand axe of electrocution (weapon)
Missiles
 n - 46 poisoned needles
 s - 2 curare-tipped needles
 y - 5 javelins (quivered)
Armour
 v - a +2 hat (worn)
 G - a +0 chain mail (worn)
Jewellery
 e - an uncursed ring of poison resistance
 x - a +3 ring of protection (right hand)
 C - a ring of protection from cold (left hand)
Scrolls
 c - 2 scrolls of magic mapping {unknown}
 g - 3 scrolls of identify
 h - a scroll of amnesia {unknown}
 i - 3 scrolls of remove curse {unknown}
 k - 4 scrolls of teleportation {unknown}
 l - 2 scrolls of recharging {unknown}
 o - 2 scrolls of enchant weapon {unknown}
 p - a scroll of vulnerability {unknown}
 q - a scroll of immolation
 z - a scroll of enchant armour {unknown}
 F - a scroll of torment {unknown}
Potions
 b - a potion of berserk rage {unknown}
 d - a potion of might
 j - 3 potions of curing
 t - a potion of lignification
 u - a potion of magic {unknown}
 w - a potion of brilliance
 A - a potion of poison {unknown}
 B - 2 potions of invisibility {unknown}
 D - 2 potions of ambrosia {unknown}
Comestibles
 a - 7 beef jerkies
 f - 4 bread rations
 m - 6 fruits


   Skills:
 + Level 5.0 Fighting
 * Level 11.5 Axes
 + Level 8.8 Armour
   Level 3.2 Shields


You had 8 spell levels left.
You didn't know any spells.

Dungeon Overview and Level Annotations

Branches:
Dungeon (8/15)             Temple (1/1) D:7
   Lair: D:8-11

Altars:
Cheibriados
Elyvilon
Fedhas
Kikubaaqudgha
Makhleb
Qazlal
Ru
Zin
The Shining One

Shops:
D:5 }[

Annotations:
D:5 Proton's ghost, novice DDFi


Innate Abilities, Weirdness & Mutations

You are resistant to damage.
You can recharge devices by infusing magical energy.
You passively map a large area around you.
You do not regenerate naturally.
You cannot study or use magical devices.
Armour fits poorly on your strangely shaped body.
You occasionally shout uncontrollably at your foes.
You are weak. (Str -2)


Message History

You closely miss the orc priest. You hit the orc.
You kill the orc!
You hit the worker ant zombie but do no damage.
The worker ant zombie bites you.
* * * LOW HITPOINT WARNING * * *
You barely miss the orc priest.
You hit the worker ant zombie but do no damage.
The worker ant zombie bites you.
* * * LOW HITPOINT WARNING * * *
The orc priest closely misses you.
You hit the orc priest.
The orc priest is moderately wounded.
You hit the worker ant zombie.
The worker ant zombie closely misses you.
You slash the orc priest!
The orc priest is almost dead.
You barely miss the worker ant zombie.
The orc priest calls down the wrath of Beogh upon you.
Pain shoots through your body!
You die...

...# , , ,
#............# , #
...# ,
,#............# #
...#, ,
#............#, , #
#### * ,
#............# ,, ,#
* * #............+ ,
# , , ,
,#.....%......#######
, , ,*
+...................
+ ,
#....†#######.......
, ,*, *, #..@Z.# , ,
#....... , * , +
#.)o..+ ,#....... ,*
+ #.....# , ,
#....... ,, ...#+###
,#....... , ,
,,,..$.* , #....... ,
, ...... , * ########
,, , ..... * *+ +##..
, , * , ,* ,


You could see an orc priest and a worker ant zombie.

Vanquished Creatures
  A hippogriff (D:8)
  A wyvern (D:8)
  A wasp (D:6)
  An ice beast (D:3)
  4 sky beasts
  3 ogres
  A phantom (D:7)
  2 centaurs
  A necrophage (D:5)
  11 big kobolds (D:8)
  2 giant frogs
  3 orc priests
  A quasit (D:5)
  5 crimson imps
  A hound (D:4)
  A giant frog zombie (D:6)
  Jessica (D:3)
  A giant frog skeleton (D:6)
  4 orc wizards
  3 iguanas
  A worker ant (D:5)
  A worker ant zombie (D:6)
  4 adders
  6 gnolls
  2 shadow imps
  An ooze (D:5)
  An adder zombie (D:5)
  2 giant geckos
  37 orcs
  8 bats
  4 giant cockroaches
  4 hobgoblins
  7 jackals (D:3)
  5 quokkas
  A ball python (D:3)
  5 giant newts
  7 goblins
  2 hobgoblin zombies (D:5)
  30 kobolds
  3 kobold zombies (D:5)
  3 orc zombies (D:5)
  11 rats
193 creatures vanquished.

Vanquished Creatures (others)
  A troll (D:6)
  A kobold (D:8)
2 creatures vanquished.

Grand Total: 195 creatures vanquished

Notes
Turn   | Place    | Note
--------------------------------------------------------------
     0 | D:1      | Proton the Deep Dwarf Fighter began the quest for the Orb.
     0 | D:1      | Reached XP level 1. HP: 20/20 MP: 1/1
   228 | D:1      | Reached XP level 2. HP: 20/27 MP: 2/2
  1032 | D:2      | Reached skill level 4 in Armour
  1032 | D:2      | Reached XP level 3. HP: 12/33 MP: 3/3
  1357 | D:2      | Reached XP level 4. HP: 38/40 MP: 4/4
  1797 | D:3      | Noticed an ice beast
  2045 | D:3      | Noticed Jessica
  2050 | D:3      | Killed Jessica
  2059 | D:3      | Found a burning altar of Makhleb.
  2059 | D:3      | Found a glowing golden altar of the Shining One.
  2180 | D:3      | Found a sacrificial altar of Ru.
  2185 | D:3      | Became a worshipper of Ru the Awakened
  2195 | D:3      | Reached XP level 5. HP: 41/46 MP: 5/5
  2265 | D:4      | Noticed an ogre
  2269 | D:5      | Entered Level 5 of the Dungeon
  2275 | D:5      | Noticed a sky beast
  2315 | D:5      | Killed a sky beast
  2315 | D:5      | Reached skill level 5 in Axes
  2315 | D:5      | Reached skill level 5 in Armour
  2319 | D:5      | Gained mutation: You have a pair of small horns on your head. [mutagenic meat]
  2320 | D:5      | Gained mutation: You tend to lose your temper in combat. [mutagenic meat]
  2367 | D:5      | Reached XP level 6. HP: 44/55 MP: 6/6
  2382 | D:5      | Reached skill level 6 in Axes
  2427 | D:3      | Found a white marble altar of Elyvilon.
  2556 | D:4      | Found an ancient bone altar of Kikubaaqudgha.
  2787 | D:3      | Gained mutation: You cannot study or use magical devices. [Ru sacrifice]
  2787 | D:3      | Reached * piety under Ru
  2787 | D:3      | Reached ** piety under Ru
  2787 | D:3      | Reached *** piety under Ru
  2909 | D:3      | Reached skill level 7 in Axes
  2909 | D:3      | Reached XP level 7. HP: 55/61 MP: 7/7
  3277 | D:5      | Found Vaenizepp's Antique Armour Shop.
  3364 | D:5      | Found a glowing golden altar of the Shining One.
  3379 | D:5      | Reached skill level 8 in Axes
  3422 | D:5      | Found Edwai's Gadget Shoppe.
  3512 | D:5      | Noticed Proton's ghost (novice DDFi)
  3558 | D:6      | Reached XP level 8. HP: 22/68 MP: 8/8
  3600 | D:6      | Found a snail-covered altar of Cheibriados.
  3688 | D:6      | Lost mutation: You have a pair of small horns on your head. [potion of cure mutation]
  3688 | D:6      | Lost mutation: You tend to lose your temper in combat. [potion of cure mutation]
  3801 | D:6      | Found a blossoming altar of Fedhas.
  3822 | D:6      | Reached skill level 9 in Axes
  3841 | D:6      | Noticed a troll
  3863 | D:6      | Killed a troll
  3979 | D:7      | Found a staircase to the Ecumenical Temple.
  3992 | Temple   | Entered the Ecumenical Temple
  4229 | D:7      | Reached skill level 10 in Axes
  4467 | D:7      | Gained mutation: You passively map the area around you. [Deep Dwarf growth]
  4467 | D:7      | Reached XP level 9. HP: 43/78 MP: 9/9
  4905 | D:8      | Gained mutation: You occasionally shout uncontrollably at your foes. [mutagenic meat]
  4906 | D:8      | Gained mutation: You are weak. (Str -2) [mutagenic meat]
  4907 | D:8      | Gained mutation: You passively map a large area around you. [mutagenic meat]
  4908 | D:8      | Gained mutation: Armour fits poorly on your strangely shaped body. [mutagenic meat]
  5083 | D:8      | Reached skill level 11 in Axes
  5280 | D:8      | Reached skill level 5 in Fighting
  5288 | D:8      | Killed from afar by an orc priest

Vault maps used:
D:1:      tarquinn_simple_flora_water_b
D:2:      lemuel_upstairs_altar
D:3:      nicolae_overflow_hidden_temple, nicolae_ru_awakened_eye, uniq_jessica
D:4:      kiku_gazebo_garden_becter, first_bread
D:5:      serial_shops, shop, shop, nicolae_tso_besieged_by_evil
D:6:      kennysheep_big_flooded_room, cheibriados_altar_1, lemuel_round_altar
D:7:      minmay_temple_entry_grid, grunt_ogre_cave
D:8:      special_room
Temple:   triangle_lava_temple_12

Action                   |  1- 3 |  4- 6 |  7- 9 || total
-------------------------+-------+-------+-------++-------
Melee: War axe           |    69 |       |       ||    69
       Hand axe          |    28 |   177 |   373 ||   578
Invok: Sacrifice Artific |       |     1 |       ||     1
       Draw Out Power    |       |       |    10 ||    10
       Reject Sacrifices |       |       |     1 ||     1
Evoke: Wand              |     1 |     4 |       ||     5
  Use: Scroll            |       |       |     6 ||     6
       Potion            |       |       |     2 ||     2
 Stab: Distracted        |       |       |     3 ||     3
       Invisible         |       |       |     1 ||     1
  Eat: Bread ration      |       |     1 |     2 ||     3
       Fruit             |       |     1 |       ||     1
       Beef jerky        |       |     1 |       ||     1
       Chunk             |       |     2 |     4 ||     6
